Map: Eternal Empire LE

Players

Kas

  • Race: Terran Terran
  • League: Grandmaster
  • Spawn Location: 1:00

uwuThermal (uThermal) - Winner!

  • Race: Terran Terran
  • League: Grandmaster
  • Spawn Location: 7:00

Event: DreamHack SC2 Masters 2020 Fall

VOD

Have the link to the VOD?

Description

Time

  • Played on: Sept. 4, 2020, 11:36 a.m.
  • Length: 11:28

All games in this series

Show
View Real Time Build Order
Export as new Build Order

Kas Terran 

Build Orders:  

Get SALT Encoding   

  12  0:00  SCV  
  13  0:12  SCV  
  14  0:17  Supply Depot  
  14  0:24  SCV  
  15  0:30  Refinery  
  15  0:39  SCV  
  16  0:46  Barracks  
  16  0:51  SCV  
  16  0:55  Refinery  
  17  1:03  SCV  
  18  1:15  SCV  
  19  1:33  Orbital Command  
  19  1:34  Factory  
  19  1:35  Reaper  
  20  1:51  Supply Depot  
  20  1:59  SCV  
  21  2:07  Reaper  
  22  2:11  SCV  
  23  2:18  Hellion  
  25  2:23  SCV  
  26  2:30  Command Center  
  26  2:35  SCV  
  27  2:40  Factory Tech Lab  
  27  2:47  SCV  
  27  2:48  Starport  
  28  2:56  Supply Depot  
  28  2:59  SCV  
  29  3:07  Barracks Tech Lab  
  29  3:11  SCV  
  30  3:18  Cyclone  
  33  3:24  SCV, Refinery  
  34  3:35  Raven, Barracks Reactor  
  34  3:37  SCV  
  37  3:42  Orbital Command  
  38  3:55  SCV  
  38  3:56  Siege Tank  
  41  4:07  SCV  
  41  4:09  SCV  
  43  4:19  Marine x2  
  43  4:20  Raven  
  43  4:21  SCV  
  43  4:23  SCV, Supply Depot  
  49  4:33  SCV  
  49  4:34  Command Center  
  49  4:35  SCV  
  51  4:40  Siege Tank  
  51  4:45  SCV  
  55  4:47  SCV  
  55  4:49  Supply Depot  
  55  4:52  Marine x2  
  58  4:57  SCV  
  58  4:59  SCV  
  60  5:02  Supply Depot  
  60  5:03  Supply Depot  
  60  5:05  Raven  
  62  5:10  SCV, Marine x2  
  62  5:11  SCV  
  66  5:14  Siege Tank  
  69  5:22  SCV  
  69  5:24  SCV  
  71  5:31  Marine x2  
  71  5:35  SCV  
  74  5:38  SCV  
  74  5:40  Barracks  
  74  5:41  Barracks  
  75  5:43  Engineering Bay x2  
  75  5:46  Orbital Command  
  75  5:47  SCV  
  75  5:49  Siege Tank  
  79  5:50  SCV  
  80  5:57  Marine  
  80  5:58  Stimpack  
  80  5:59  Starport Reactor, SCV  
  82  6:05  SCV  
  82  6:06  Refinery  
  82  6:10  Terran Infantry Weapons Level 1  
  82  6:11  SCV  
  84  6:12  Terran Infantry Armor Level 1  
  84  6:13  Orbital Command  
  84  6:15  Marine  
  84  6:17  SCV  
  86  6:21  Supply Depot  
  86  6:23  SCV  
  87  6:30  SCV  
  87  6:32  Siege Tank  
  91  6:33  Marine  
  91  6:35  SCV  
  93  6:47  Barracks x2  
  93  6:49  Starport Reactor  
  93  6:51  Marine  
  93  6:52  Marine x2  
  96  6:59  Supply Depot  
  96  7:00  Armory, SCV, Supply Depot  
  97  7:01  SCV  
  97  7:04  SCV  
  99  7:09  Marine x2  
  99  7:12  SCV  
  99  7:24  Marine x2  
  99  7:25  Marine  
  99  7:26  Medivac x2, Siege Tank  
  99  7:27  SCV x2, Marine  
  99  7:29  Supply Depot  
  110  7:30  Marine  
  110  7:31  Supply Depot  
  103  7:42  Combat Shield, Marine x2, Barracks Reactor x2  
  103  7:43  Marine  
  103  7:44  SCV  
  103  7:45  Marine  
  103  7:48  Marine  
  100  7:52  SCV  
  100  7:57  Refinery, SCV x2  
  100  7:58  Medivac x2, Refinery  
  105  8:00  Marine x3  
  105  8:02  Barracks  
  105  8:03  Barracks, Marine  
  105  8:04  Barracks, SCV  
  112  8:05  Marine  
  112  8:11  Siege Tank  
  116  8:17  SCV x3, Marine x2  
  116  8:18  Marine  
  122  8:20  Terran Infantry Weapons Level 2  
  122  8:21  Marine x5  
  122  8:23  Marine  
  128  8:29  Terran Infantry Armor Level 2  
  128  8:35  Marine x2  
  128  8:36  Marine  
  128  8:38  Marine  
  128  8:39  Marine x4  
  136  8:41  Marine  
  136  8:45  Command Center, Supply Depot  
  136  8:48  Supply Depot  
  137  8:51  Barracks Reactor x2  
  137  8:52  Barracks Reactor  
  137  8:54  Siege Tank, Marine  
  141  9:05  Supply Depot x2  
  141  9:06  Marine x8  
  141  9:08  Supply Depot  
  149  9:12  Marine  
  150  9:18  Medivac  
  150  9:23  Medivac  
  154  9:24  Marine x3  
  154  9:26  Marine x5  
  154  9:29  SCV x2  
  163  9:33  Marine x2  
  163  9:35  Siege Tank  
  163  9:37  Marine  
  163  9:38  Marine  
  170  9:40  Supply Depot  
  168  9:45  Marine  
  168  9:46  Marine x2  
  168  9:48  Medivac  
  171  9:53  Medivac  
  171  9:57  Starport  
  171  9:59  Starport  
  173  10:07  Barracks Tech Lab  
  173  10:08  Orbital Command  
  173  10:10  Barracks Tech Lab, SCV x2  
  173  10:13  Unknown  
  175  10:18  Medivac, Command Center  
  177  10:25  Viking  
  177  10:27  Concussive Shells  
  179  10:29  Fusion Core  
  156  10:43  Marauder x2  
  156  10:45  Viking x2  
  156  10:48  Viking x2, Marauder  
  142  10:51  Marine  
  142  10:52  Marine x4  
  143  11:04  Marauder x2, Marine x2  
Show
View Real Time Build Order
Export as new Build Order

uwuThermal Terran - Winner!

Build Orders: Reaper Expand, Mech 

Get SALT Encoding   

  12  0:00  SCV  
  13  0:12  SCV  
  14  0:17  Supply Depot  
  14  0:24  SCV  
  15  0:39  SCV  
  15  0:40  Barracks  
  16  0:44  Refinery  
  16  0:51  SCV  
  17  1:03  SCV  
  18  1:17  SCV  
  19  1:30  Orbital Command, Reaper  
  20  1:46  Command Center  
  20  1:54  Supply Depot  
  20  1:56  SCV  
  21  2:02  Marine  
  22  2:08  SCV  
  22  2:11  Factory  
  23  2:20  SCV  
  23  2:21  Bunker  
  24  2:24  Barracks Reactor  
  24  2:28  Refinery  
  24  2:33  SCV  
  25  2:45  SCV  
  26  2:54  Hellion  
  26  2:57  SCV  
  26  2:58  Starport  
  28  2:59  Orbital Command  
  28  3:02  Marine  
  28  3:05  Marine  
  29  3:09  SCV  
  31  3:16  Factory Tech Lab  
  31  3:20  Marine  
  31  3:21  SCV  
  31  3:23  Orbital Command, Marine  
  34  3:33  SCV  
  35  3:34  Cyclone  
  35  3:38  Marine  
  35  3:40  Starport Tech Lab  
  35  3:41  Marine  
  39  3:46  SCV, Supply Depot  
  41  3:49  SCV  
  41  3:52  Refinery  
  42  3:58  SCV  
  42  3:59  Raven  
  42  4:01  SCV  
  46  4:05  Supply Depot  
  46  4:10  SCV  
  46  4:13  SCV  
  48  4:21  Siege Tank  
  48  4:22  SCV  
  52  4:25  SCV  
  52  4:31  Command Center  
  53  4:34  SCV  
  54  4:41  Supply Depot  
  54  4:42  Refinery  
  54  4:43  SCV  
  55  4:46  Raven  
  55  4:48  SCV  
  55  4:49  Marine  
  55  4:50  Marine  
  60  4:55  SCV  
  60  5:00  SCV  
  60  5:03  Siege Tank  
  60  5:05  Supply Depot  
  64  5:08  SCV  
  64  5:09  Marine x2  
  64  5:13  SCV  
  68  5:17  Supply Depot  
  68  5:20  SCV  
  69  5:25  SCV  
  69  5:27  Marine x2  
  72  5:28  Raven  
  72  5:32  SCV  
  72  5:35  Siege Tank  
  78  5:37  Engineering Bay  
  78  5:39  SCV  
  78  5:41  Supply Depot  
  79  5:44  SCV  
  80  5:51  SCV  
  80  5:56  SCV  
  82  6:03  SCV  
  83  6:05  Orbital Command, Refinery  
  83  6:08  Refinery, SCV  
  83  6:09  Siege Tank  
  87  6:11  Missile Turret  
  87  6:15  SCV  
  87  6:18  Factory  
  88  6:20  SCV  
  88  6:22  Viking, Factory, Barracks Reactor  
  88  6:23  Viking  
  93  6:27  SCV  
  93  6:32  SCV x2  
  96  6:35  Supply Depot  
  96  6:39  SCV  
  97  6:41  Siege Tank  
  97  6:42  Supply Depot  
  97  6:44  SCV x2  
  102  6:52  Viking  
  102  6:53  Viking  
  106  6:55  SCV  
  106  6:59  Armory, SCV  
  106  7:00  Armory  
  107  7:02  Siege Tank, Supply Depot  
  107  7:08  SCV  
  107  7:09  SCV  
  108  7:16  Siege Tank  
  108  7:17  Hellion  
  108  7:18  SCV  
  109  7:26  Hellion, SCV  
  109  7:28  SCV  
  112  7:36  Siege Tank  
  114  7:38  Hellion  
  114  7:40  Viking  
  114  7:42  SCV  
  119  7:45  SCV  
  119  7:50  Hellion, Siege Tank  
  121  7:52  SCV  
  121  7:53  Refinery  
  121  7:56  Missile Turret  
  121  7:57  Missile Turret  
  121  7:58  Missile Turret  
  122  8:03  Sensor Tower  
  122  8:05  Terran Vehicle And Ship Armor Level 1, Terran Vehicle Weapons Level 1, SCV x2  
  124  8:09  Hellion  
  124  8:12  Hellion, Siege Tank  
  131  8:14  SCV  
  131  8:17  SCV  
  131  8:18  Supply Depot  
  133  8:34  Supply Depot x2  
  133  8:40  Viking x2, Hellion x2  
  141  8:54  Smart Servos, Infernal Pre-Igniter  
  141  8:55  Command Center, Siege Tank x2, SCV x2  
  148  9:03  Hellion x2  
  148  9:04  Factory x2  
  148  9:05  Supply Depot  
  148  9:07  Supply Depot  
  148  9:09  Supply Depot  
  152  9:10  Viking  
  152  9:13  Viking  
  152  9:16  Supply Depot  
  156  9:18  Supply Depot  
  155  9:26  SCV  
  155  9:29  Hellion x2, Siege Tank  
  155  9:30  Siege Tank  
  166  9:34  Supply Depot  
  166  9:35  Supply Depot  
  166  9:42  Supply Depot  
  170  9:47  Supply Depot  
  170  9:50  Supply Depot  
  170  9:52  Factory Tech Lab  
  168  9:53  Factory Reactor  
  168  9:55  Hellion x2  
  168  9:58  Medivac x2  
  168  9:59  Missile Turret x2  
  172  10:05  Missile Turret x2  
  172  10:06  Siege Tank  
  175  10:08  Missile Turret  
  175  10:15  Hellion x9  
  175  10:19  Siege Tank  
  181  10:21  Siege Tank  
  181  10:27  Hellion  
  185  10:35  Hellion  
  185  10:39  Siege Tank  
  185  10:41  Hellion  
  186  10:48  Hellion  
  184  10:51  Viking, Siege Tank  
  184  10:54  Refinery  
  187  10:57  Viking  
  182  11:04  Hellion  
  182  11:14  Refinery  

Tags
 
Add a new tag
Caveats
  • Supply blocks, unpowered buildings, or Contaminate may cause inaccurate times.
  • Supply counts are checked every 10 seconds.